 Dungeon Crawl Stone Soup version 0.28.0-45-g0d030f2227 (webtiles) character file.

Game seed: 5660890451717413951

221 DearestLeader the Chopper (level 5, -1/47 HPs)
             Began as a Gnoll Chaos Knight on Apr 18, 2022.
             Was a Plaything of Xom.
             Slain by an orc wizard
             ... wielding a +0 dagger
              (3 damage)
             ... on level 4 of the Dungeon.
             The game lasted 00:05:37 (3037 turns).

DearestLeader the Chopper (Gnoll Chaos Knight)      Turns: 3037, Time: 00:05:37

Health: -1/47      AC:  6    Str: 13    XL:     5   Next: 98%
Magic:  7/7        EV: 12    Int: 12    God:    Xom [*.....]
Gold:   103        SH:  0    Dex: 11    Spells: 7/7 levels left

rFire   . . .      SeeInvis .   a - +0 hand axe (chaos)
rCold   . . .      Faith    .   (no shield)
rNeg    . . .      Spirit   .   b - +2 leather armour
rPois   .          Reflect  .   c - +0 helmet
rElec   .          Harm     .   (no cloak)
rCorr   .          Rampage  .   (no gloves)
Will    .....                   (no boots)
Stlth   +.........              (no amulet)
HPRegen 0.15/turn               (no ring)
MPRegen 0.10/turn               (no ring)

@: on berserk cooldown, hasted and slowed
A: fangs 1, strong nose, distributed training
a: Renounce Religion


You were on level 4 of the Dungeon.
You worshipped Xom.
You were a special plaything of Xom.
You visited 1 branch of the dungeon, and saw 4 of its levels.

You collected 103 gold pieces.

Inventory:

Hand Weapons
 a - a +0 hand axe of chaos (weapon)
 o - a +0 war axe
Armour
 b - a +2 leather armour (worn)
 c - a +0 helmet (worn)
 p - a +0 helmet
Wands
 n - a wand of flame (8)
Scrolls
 d - 5 scrolls of identify {unknown}
 e - a scroll of noise {unknown}
 g - a scroll of fog {unknown}
 h - 3 scrolls of brand weapon {unknown}
 j - a scroll of enchant weapon {unknown}
 l - a scroll of blinking {unknown}
 m - a scroll of acquirement {unknown}
 q - a scroll of teleportation {unknown}
Potions
 i - a potion of flight {unknown}
 k - a potion of invisibility {unknown}


   Skills:
 + Level 6.7 Fighting
 + Level 1.7 Short Blades
 + Level 1.7 Long Blades
 + Level 6.7 Axes
 + Level 1.7 Maces & Flails
 + Level 1.7 Polearms
 + Level 1.7 Staves
 + Level 1.7 Slings
 + Level 1.7 Bows
 + Level 1.7 Crossbows
 + Level 1.7 Throwing
 + Level 4.9 Armour
 + Level 3.1 Dodging
 + Level 1.7 Stealth
 + Level 1.7 Shields
 + Level 1.7 Unarmed Combat
 + Level 1.7 Spellcasting
 + Level 1.3 Conjurations
 + Level 1.3 Hexes
 + Level 1.3 Summonings
 + Level 1.3 Necromancy
 + Level 1.3 Translocations
 + Level 1.3 Transmutations
 + Level 1.3 Fire Magic
 + Level 1.3 Ice Magic
 + Level 1.3 Air Magic
 + Level 1.3 Earth Magic
 + Level 1.3 Poison Magic
 + Level 1.9 Invocations
 + Level 1.7 Evocations


You had 7 spell levels left.
You didn't know any spells.
Your spell library was empty.

Dungeon Overview and Level Annotations

Branches:
Dungeon (4/15)
 Temple: D:4-7

Altars:
Wu Jian


Innate Abilities, Weirdness & Mutations

You have very sharp teeth.
Your uncanny sense of smell can sniff out nearby items.
Your experience applies equally to all skills.


Message History

You hit the goblin. The hound barely misses you. x2
You hit the goblin. You freeze the goblin.
You kill the goblin!
You miss the hound. The hound closely misses you.
You closely miss the hound.
The hound is heavily wounded.
You slash the adder skeleton!
The adder skeleton seems to speed up.
The adder skeleton bites you but does no damage.
The hound bites you but does no damage.
You closely miss the hound. You punch the hound.
The hound is severely wounded.
You hit the adder skeleton.
You destroy the adder skeleton!
The hound bites you but does no damage.
You barely miss the hound.
The hound is severely wounded.
The hound closely misses you.
You barely miss something. You slash the hound!
You kill the hound!
Something hits you.
* * * LOW HITPOINT WARNING * * *
You miss something. You barely miss something.
You hear some strange, mumbled words.
A puff of flame appears from out of thin air!
The puff of flame hits you.
* * * LOW HITPOINT WARNING * * *
You barely miss something.
You are no longer berserk.
You are exhausted.
You feel yourself slow down.
You barely miss something. Your bite misses something.
Something hits you but does no damage.
You hit something. You freeze something. Something hits you but does no damage.
You miss something. Something hits you but does no damage.
You barely miss something. Something hits you but does no damage.
You hit something. You freeze something. Something hits you.
* * * LOW HITPOINT WARNING * * *
You barely miss something. Your bite misses something. Something hits you.
You die...

##########
#......{@####
#..#.#......#
#.###..#...#.......#
.......)...#.......#
.###...##.#........
#...##.#........
#...............
###.##)#.......#
#.##.#.......


There were no monsters in sight!

Vanquished Creatures
  A hound (D:4)
  2 orc priests (D:4)
  An iguana (D:4)
  3 adders
  An adder skeleton (D:4)
  3 worms
  A dart slug (D:3)
  An orc (D:3)
  3 ball pythons
  4 bats (D:1)
  10 endoplasms
  A giant cockroach (D:2)
  13 goblins
  5 hobgoblins
  A kobold (D:1)
  5 quokkas
  2 frilled lizards
  7 rats
64 creatures vanquished.

Notes
Turn   | Place    | Note
-------+----------+-------------------------------------------
     0 | D:1      | DearestLeader the Gnoll Chaos Knight began the quest for
                  | the Orb.
     0 | D:1      | Reached XP level 1. HP: 23/23 MP: 1/1
   195 | D:1      | Reached XP level 2. HP: 29/29 MP: 2/2
   272 | D:1      | XOM: divination: magic mapping
   323 | D:1      | XOM: scenery: 1 doors open
   418 | D:1      | XOM: cloud trail
   458 | D:1      | XOM: enchant monster (good)
   515 | D:1      | XOM: 1-stop teleportation journey
   520 | D:1      | Reached XP level 3. HP: 31/35 MP: 3/3
  1093 | D:2      | Reached skill level 1 in Invocations
  1310 | D:2      | Reached skill level 1 in Short Blades
  1310 | D:2      | Reached skill level 1 in Long Blades
  1310 | D:2      | Reached skill level 1 in Maces & Flails
  1310 | D:2      | Reached skill level 1 in Polearms
  1310 | D:2      | Reached skill level 1 in Staves
  1310 | D:2      | Reached skill level 1 in Slings
  1310 | D:2      | Reached skill level 1 in Bows
  1310 | D:2      | Reached skill level 1 in Crossbows
  1310 | D:2      | Reached skill level 1 in Throwing
  1310 | D:2      | Reached skill level 1 in Stealth
  1310 | D:2      | Reached skill level 1 in Shields
  1310 | D:2      | Reached skill level 1 in Unarmed Combat
  1310 | D:2      | Reached skill level 1 in Spellcasting
  1310 | D:2      | Reached skill level 1 in Evocations
  1555 | D:2      | Reached XP level 4. HP: 35/41 MP: 5/5
  1695 | D:2      | Found an ornate altar of the Wu Jian Council.
  1783 | D:2      | XOM: polymorph hobgoblin -> giant cockroach
  2522 | D:3      | XOM: potion effect (haste)
  2524 | D:3      | Reached skill level 1 in Conjurations
  2524 | D:3      | Reached skill level 1 in Hexes
  2524 | D:3      | Reached skill level 1 in Summonings
  2524 | D:3      | Reached skill level 1 in Necromancy
  2524 | D:3      | Reached skill level 1 in Translocations
  2524 | D:3      | Reached skill level 1 in Transmutations
  2524 | D:3      | Reached skill level 1 in Fire Magic
  2524 | D:3      | Reached skill level 1 in Ice Magic
  2524 | D:3      | Reached skill level 1 in Air Magic
  2524 | D:3      | Reached skill level 1 in Earth Magic
  2524 | D:3      | Reached skill level 1 in Poison Magic
  2524 | D:3      | XOM: silly message
  2693 | D:3      | XOM: silly message
  2882 | D:3      | Noticed an ogre
  2884 | D:3      | XOM: silly message
  2885 | D:3      | XOM: silly message
  2911 | D:3      | XOM: potion effect (invisibility)
  2946 | D:4      | Reached XP level 5. HP: 47/47 MP: 5/7
  3015 | D:4      | XOM: potion effect (haste)
  3036 | D:4      | HP: 2/47 [something (1)]
  3037 | D:4      | Slain by an orc wizard

Illustrated notes

Levels and vault maps discovered:
D:1:      eino_arrival_tree_alley, layout_basic, solitary_fountain
D:2:      layout_loops_corners, basic_altar, grunt_decor_cap,
          minmay_crystal_room, serial_bayou_pond_e
D:3:      layout_basic, serial_park_tiny_pond, minmay_ogre_servants
D:4:      layout_loops_cross, kennysheep_little_box, marbit_many_paths,
          uniq_grinder

Skill      XL: |  1  2  3  4  5 |
---------------+----------------+-----
Invocations    | 1 |  1.9
Short Blades   | 1 |  1.7
Long Blades    | 1 |  1.7
Maces & Flails | 1 |  1.7
Polearms       | 1 |  1.7
Staves         | 1 |  1.7
Slings         | 1 |  1.7
Bows           | 1 |  1.7
Crossbows      | 1 |  1.7
Throwing       | 1 |  1.7
Stealth        | 1 |  1.7
Shields        | 1 |  1.7
Unarmed Combat | 1 |  1.7
Spellcasting   | 1 |  1.7
Evocations     | 1 |  1.7
Conjurations   | 1 |  1.3
Hexes          | 1 |  1.3
Summonings     | 1 |  1.3
Necromancy     | 1 |  1.3
Translocations | 1 |  1.3
Transmutations | 1 |  1.3
Fire Magic     | 1 |  1.3
Ice Magic      | 1 |  1.3
Air Magic      | 1 |  1.3
Earth Magic    | 1 |  1.3
Poison Magic   | 1 |  1.3
Dodging        | 3 |  3.1
Fighting       | |  6.7
Axes           | |  6.7
Armour         | |  4.9

Action                   |  1- 3 |  4- 6 || total
-------------------------+-------+-------++-------
Melee: Hand axe          |    79 |   109 ||   188
       Bite              |     7 |    11 ||    18
       Punch             |     2 |     1 ||     3
  Use: Potion            |       |     1 ||     1
 Stab: Sleeping          |     1 |     1 ||     2
       Invisible         |       |     2 ||     2
Armor: Leather armour    |    20 |    34 ||    54
Dodge: Dodged            |    49 |    65 ||   114
